[Event "Titled Tuesday Blitz May 16 Late 2023"]
[White "De Souza, Cristiano Gomes"]
[Black "Liu, Eric"]
[WhiteFideId "2151758"]
[BlackFideId "30960240"]
[WhiteElo "2068"]
[BlackElo "2094"]
[Result "1-0"]
[Round "02"]
[TimeControl "180+2"]
[Date "2023.05.16"]
[WhiteClock "0:01:47"]
[BlackClock "0:00:13"]

1. d4 b6 2. c4 Bb7 3. Nc3 e6 4. a3 h5 5. e3 h4 6. h3 Be7 7. Nf3 c5 8. d5 d6 9. e4 e5 10. Be2 Nf6 11. O-O Nh7 12. Nh2 Bg5 13. f4 Bxf4 14. Bxf4 exf4 15. Rxf4 Nd7 16. Ng4 O-O 17. Qd2 Qg5 18. Raf1 Ne5 19. Qc1 Ba6 20. Nxe5 Qxe5 21. b4 cxb4 22. axb4 Bxc4 23. Bxc4 Qd4+ 24. Kh2 Qxc4 25. Ne2 Qxe2 26. Rxh4 Rac8 27. Qf4 g5 28. Qf5 gxh4 29. Rf4 Kh8 30. Rxh4 Kg7 31. Rxh7+ Kg8 32. Rh4 Rfd8 33. Qf6 Rc2 34. Rh8# 1-0


[Site "https://www.chess.com"]

[Event "Titled Tuesday Blitz May 16 Late 2023"]
[White "Ladan, Nicholas"]
[Black "Bashkansky, Ethan"]
[WhiteFideId "30918855"]
[BlackFideId "2071533"]
[WhiteElo "2167"]
[BlackElo "2284"]
[Result "1-0"]
[Round "02"]
[TimeControl "180+2"]
[Date "2023.05.16"]
[WhiteClock "0:02:08"]
[BlackClock "0:01:57"]

1. d4 f5 2. g3 Nf6 3. Bg2 g6 4. Nh3 Bg7 5. Nf4 O-O 6. h4 Nc6 7. h5 Qe8 8. hxg6 hxg6 9. Nc3 e5 10. dxe5 Nxe5 11. Nb5 g5 12. Nxc7 Qd8 13. Bd5+ Nxd5 14. Qxd5+ Rf7 15. Nfe6 1-0


[Site "https://www.chess.com"]

[Event "Titled Tuesday Blitz May 16 Late 2023"]
[White "ibove"]
[Black "Przybylski, Wojciech"]
[BlackFideId "1117599"]
[WhiteElo "2278"]
[BlackElo "2222"]
[Result "0-1"]
[Round "02"]
[TimeControl "180+2"]
[Date "2023.05.16"]
[WhiteClock "0:00:27"]
[BlackClock "0:00:13"]

1. Nf3 Nf6 2. d3 e6 3. e4 d5 4. Nbd2 dxe4 5. dxe4 Bc5 6. h3 O-O 7. Qe2 Nc6 8. c3 e5 9. g4 a5 10. Bg2 b6 11. b3 Ba6 12. Nc4 Re8 13. O-O b5 14. Rd1 Qc8 15. Nb2 b4 16. c4 Nd4 17. Nxd4 Bxd4 18. Bg5 h6 19. Bh4 g5 20. Bg3 c5 21. Rab1 Qe6 22. Nd3 Nh7 23. Kh2 a4 24. h4 f6 25. hxg5 hxg5 26. Rh1 Re7 27. Bf3 Bc8 28. Kg2 Nf8 29. Rh6 Rg7 30. Rbh1 Ng6 31. Qf1 Bb7 32. Qg1 Kf7 33. Qh2 Bc6 34. Qh5 Rag8 35. Rh7 Qc8 36. Rh6 Qb7 37. Re1 Qa8 38. Re2 Bb7 39. Kf1 Bc6 40. Bg2 axb3 41. axb3 Qa1+ 42. Ne1 Qb1 43. f4 exf4 44. Bf2 Qxb3 45. e5 Bxg2+ 46. Nxg2 f3 47. e6+ Ke7 48. Bxd4 fxe2+ 49. Kxe2 cxd4 50. Qh2 Qxc4+ 51. Kf3 Qc6+ 52. Kg3 Qd6+ 53. Kh3 Qxh2+ 54. Kxh2 Kxe6 0-1


[Site "https://www.chess.com"]

[Event "Titled Tuesday Blitz May 16 Late 2023"]
[White "Ljukin, Sergei"]
[Black "Wieczorek, Zbigniew"]
[WhiteFideId "14102200"]
[BlackFideId "1102001"]
[WhiteElo "2312"]
[BlackElo "2277"]
[Result "1-0"]
[Round "02"]
[TimeControl "180+2"]
[Date "2023.05.16"]
[WhiteClock "0:00:16"]
[BlackClock "0:00:05"]

1. e4 g6 2. d4 Bg7 3. Nc3 c6 4. Bc4 d6 5. Nf3 Nf6 6. Bf4 d5 7. exd5 cxd5 8. Bb3 a6 9. Bg5 Be6 10. Qd2 O-O 11. Bh6 Bg4 12. Bxg7 Kxg7 13. Ne5 Bf5 14. f3 Nc6 15. g4 Be6 16. O-O-O Na5 17. h4 h5 18. Rde1 Nxb3+ 19. cxb3 Rh8 20. Qg5 Bd7 21. Qf4 Be8 22. Kb1 e6 23. Ne2 Ng8 24. gxh5 Qf6 25. Qxf6+ Nxf6 26. hxg6 fxg6 27. Reg1 Nh5 28. Rg5 Rh6 29. Rhg1 Kh7 30. Ng3 Nxg3 31. R1xg3 Rc8 32. a3 Rc7 33. h5 Re7 34. hxg6+ Kg7 35. f4 Bc6 36. f5 exf5 37. Rxf5 Rh4 38. Rf7+ Rxf7 39. gxf7+ Kf8 40. Rg8+ Ke7 41. f8=Q+ 1-0


[Site "https://www.chess.com"]

[Event "Titled Tuesday Blitz May 16 Late 2023"]
[White "KorolDimitriy75"]
[Black "lluiss"]
[WhiteElo "2472"]
[BlackElo "2276"]
[Result "1/2-1/2"]
[Round "02"]
[TimeControl "180+2"]
[Date "2023.05.16"]
[WhiteClock "0:00:14"]
[BlackClock "0:00:38"]

1. d4 Nf6 2. c4 g6 3. Nc3 d5 4. cxd5 Nxd5 5. e4 Nxc3 6. bxc3 Bg7 7. Nf3 c5 8. Rb1 O-O 9. Be2 cxd4 10. cxd4 Qa5+ 11. Qd2 Qxd2+ 12. Bxd2 e6 13. O-O Nc6 14. d5 exd5 15. exd5 Ne5 16. Bb4 Re8 17. Nxe5 Rxe5 18. Bf3 Bf5 19. Rbc1 Be4 20. Bc3 Ree8 21. Bxg7 Kxg7 22. Bxe4 Rxe4 23. Rc7 Rd4 24. Rxb7 Rxd5 25. g3 Ra5 26. Rd1 Rxa2 27. Rdd7 Rf8 28. Rxa7 Rxa7 29. Rxa7 Re8 30. Kg2 1/2-1/2


[Site "https://www.chess.com"]

[Event "Titled Tuesday Blitz May 16 Late 2023"]
[White "MunichMouse"]
[Black "Mikhalsky, Vladimir"]
[BlackFideId "14144352"]
[WhiteElo "2262"]
[BlackElo "2236"]
[Result "1-0"]
[Round "02"]
[TimeControl "180+2"]
[Date "2023.05.16"]
[WhiteClock "0:00:39"]
[BlackClock "0:00:32"]

1. d4 Nf6 2. c4 g6 3. g3 Bg7 4. Bg2 O-O 5. e4 d6 6. Nc3 e5 7. d5 Nfd7 8. Nge2 f5 9. exf5 gxf5 10. f4 a5 11. O-O Na6 12. Be3 Nac5 13. Qd2 e4 14. Nd4 Nb6 15. b3 a4 16. Rab1 axb3 17. axb3 Nd3 18. Qe2 Bd7 19. Bh3 c5 20. Ndb5 Qf6 21. Rbd1 Qg6 22. Rxd3 exd3 23. Qxd3 h5 24. Kh1 Bxb5 25. Nxb5 Ra2 26. Nc7 Qf6 27. Ne6 Rf7 28. Ng5 Re7 29. Bxf5 Ra1 30. Be6+ Kf8 31. Nh7+ Ke8 32. Nxf6+ Bxf6 33. Qg6+ Kd8 34. Rxa1 Bxa1 35. f5 1-0


[Site "https://www.chess.com"]

[Event "Titled Tuesday Blitz May 16 Late 2023"]
[White "Jimenez Almeida, Luis David"]
[Black "olga-belka"]
[WhiteFideId "22242244"]
[WhiteElo "2245"]
[BlackElo "2261"]
[Result "1-0"]
[Round "02"]
[TimeControl "180+2"]
[Date "2023.05.16"]
[WhiteClock "0:00:37"]
[BlackClock "0:00:01"]

1. e4 c5 2. Nc3 d6 3. Nge2 g6 4. g3 Bg7 5. Bg2 Nc6 6. O-O e6 7. h3 Nge7 8. d3 O-O 9. Be3 Nd4 10. Qd2 Re8 11. a4 Rb8 12. Nd1 b5 13. axb5 Rxb5 14. Rxa7 Qb6 15. Ra1 Bb7 16. Ndc3 Rb4 17. Ra2 Bc6 18. b3 d5 19. exd5 exd5 20. Bh6 Bxh6 21. Qxh6 Nef5 22. Qd2 Qd8 23. Raa1 Rb7 24. Nf4 Rbe7 25. Rfe1 Rxe1+ 26. Rxe1 Rxe1+ 27. Qxe1 Nxc2 28. Qe5 Ncd4 29. Ncxd5 Bxd5 30. Nxd5 h5 31. Nf6+ Kf8 32. h4 Qd6 33. Qe8+ Kg7 34. Ne4 Qe6 35. Qd8 Qxb3 36. Qf6+ Kg8 37. Ng5 Qd1+ 38. Kh2 Ne2 39. Qxf7+ 1-0


[Site "https://www.chess.com"]

[Event "Titled Tuesday Blitz May 16 Late 2023"]
[White "mjelcic"]
[Black "Petrovic, Aleksa"]
[BlackFideId "967629"]
[WhiteElo "2254"]
[BlackElo "2309"]
[Result "0-1"]
[Round "02"]
[TimeControl "180+2"]
[Date "2023.05.16"]
[WhiteClock "0:00:03"]
[BlackClock "0:00:20"]

1. c4 e6 2. g3 Nf6 3. Bg2 d5 4. Nf3 Be7 5. O-O O-O 6. cxd5 exd5 7. d4 b6 8. Ne5 Bb7 9. Nc3 h6 10. Bf4 Re8 11. Rc1 c5 12. Qa4 Qc8 13. Rc2 Qe6 14. Rfc1 Na6 15. Nb5 Bf8 16. a3 g5 17. Be3 cxd4 18. Bxd4 Nc5 19. Rxc5 bxc5 20. Nc7 Qe7 21. Nxe8 Rxe8 22. Bc3 d4 23. Bxb7 Qxb7 24. Ng4 Nd7 25. Be1 Bg7 26. Qc4 h5 27. Qd5 Qxd5 0-1


[Site "https://www.chess.com"]

[Event "Titled Tuesday Blitz May 16 Late 2023"]
[White "Escalante Ramirez, Rafael"]
[Black "Pires, Marcos Vinicius Torsani"]
[WhiteFideId "3900177"]
[BlackFideId "2118939"]
[WhiteElo "2244"]
[BlackElo "2273"]
[Result "1-0"]
[Round "02"]
[TimeControl "180+2"]
[Date "2023.05.16"]
[WhiteClock "0:00:11"]
[BlackClock "0:00:08"]

1. Nf3 Nf6 2. d4 g6 3. c4 Bg7 4. g3 d6 5. Bg2 O-O 6. O-O Nc6 7. Nc3 e5 8. d5 Nb8 9. e4 a5 10. h3 Na6 11. Be3 Nd7 12. Nd2 Ndc5 13. Qe2 f5 14. exf5 gxf5 15. f4 e4 16. Nb3 Nxb3 17. axb3 Nc5 18. b4 Nb3 19. Ra3 Nd4 20. Qd1 Qf6 21. bxa5 Bd7 22. b4 c5 23. b5 Qg6 24. Kh2 Kh8 25. Ne2 Qf6 26. Qd2 Rg8 27. Rd1 Nxe2 28. Qxe2 Qg6 29. Bf2 Bf6 30. Rg1 Rg7 31. g4 fxg4 32. Bxe4 Bf5 33. hxg4 Bxe4 34. Rh3 Rxa5 35. f5 Bxf5 36. gxf5 Qxf5 37. Qe8+ 1-0


[Site "https://www.chess.com"]

[Event "Titled Tuesday Blitz May 16 Late 2023"]
[White "krucki03"]
[Black "rikchessmx"]
[WhiteElo "2468"]
[BlackElo "2234"]
[Result "1-0"]
[Round "02"]
[TimeControl "180+2"]
[Date "2023.05.16"]
[WhiteClock "0:00:06"]
[BlackClock "0:01:35"]

1. Nf3 Nf6 2. c4 g6 3. b3 Bg7 4. Bb2 d6 5. e3 e5 6. Be2 O-O 7. O-O a5 8. a3 Na6 9. Nc3 e4 10. Nd4 Nc5 11. b4 axb4 12. axb4 Rxa1 13. Bxa1 Ne6 14. Nxe6 Bxe6 15. d3 exd3 16. Qxd3 Re8 17. Bf3 Bf5 18. Qd2 Bc8 19. Rd1 Ng4 20. h3 Ne5 21. Be2 b6 22. Nd5 Be6 23. Kf1 c6 24. Nf4 Bxc4 25. Qxd6 Bxe2+ 26. Kxe2 Qa8 27. Qd4 Qa6+ 28. Nd3 c5 29. bxc5 bxc5 30. Qb2 c4 31. Nb4 Qb5 32. Qc3 Ra8 33. f4 Rxa1 34. fxe5 Rxd1 35. Kxd1 Bxe5 36. Qd2 c3 37. Qd8+ Kg7 38. Nd3 Qb1+ 39. Ke2 Qc2+ 40. Kf3 Qd2 41. Qd5 Bf6 42. Qc4 c2 43. g4 Qxd3 44. Qxd3 c1=Q 45. Qe2 Qh1+ 46. Kg3 Be5+ 47. Kh4 h6 48. g5 hxg5+ 49. Kg4 Qg2+ 50. Qxg2 f5+ 51. Kf3 Kf6 52. Ke2 g4 53. Qc6+ Kg5 54. hxg4 fxg4 55. Qd7 g3 56. Kf1 Kh4 57. Kg2 g5 58. Qh3# 1-0


[Site "https://www.chess.com"]

[Event "Titled Tuesday Blitz May 16 Late 2023"]
[White "Palacio,Igor Da Paz"]
[Black "Shapiro, Viktor"]
[WhiteFideId "2121140"]
[BlackFideId "4175700"]
[WhiteElo "2126"]
[BlackElo "2152"]
[Result "1-0"]
[Round "02"]
[TimeControl "180+2"]
[Date "2023.05.16"]
[WhiteClock "0:00:04"]
[BlackClock "0:00:23"]

1. e4 Nf6 2. Nc3 d5 3. exd5 Nxd5 4. Bc4 Nb6 5. Be2 c5 6. Nf3 Nc6 7. O-O Bf5 8. Re1 e6 9. Bb5 Be7 10. Ne5 Qc7 11. Nxc6 bxc6 12. Bf1 O-O 13. g3 Rad8 14. Bg2 c4 15. b3 Bf6 16. Bb2 Rd7 17. Be4 Bxe4 18. Rxe4 Rfd8 19. Re2 Qc8 20. Qc1 Qa6 21. b4 Qc8 22. Ne4 Bxb2 23. Qxb2 Rd5 24. a4 Qc7 25. Qc3 Qe5 26. Qxe5 Rxe5 27. Kf1 Nd5 28. c3 f5 29. Nc5 Rxe2 30. Kxe2 Kf7 31. Re1 Nc7 32. Kd1 Rd5 33. Kc2 a5 34. Rb1 Ke7 35. d3 cxd3+ 36. Nxd3 e5 37. Re1 Kd6 38. Nc5 axb4 39. cxb4 e4 40. Kc3 g5 41. h4 h6 42. hxg5 hxg5 43. Rh1 Re5 44. Rh6+ Kd5 45. Rh7 Ne8 46. Rd7+ Nd6 47. Nb7 Re6 48. Rxd6+ Rxd6 49. Nxd6 Kxd6 50. a5 f4 51. gxf4 gxf4 52. Kd4 e3 53. fxe3 f3 54. Kd3 Kd5 55. a6 Kd6 56. e4 Kc7 57. Ke3 Kb6 58. Kxf3 Kxa6 59. e5 Kb6 60. Ke4 Kc7 61. Kf5 Kd7 62. Kf6 Ke8 63. Ke6 Kd8 64. Kd6 Kc8 65. Kxc6 1-0


[Site "https://www.chess.com"]

[Event "Titled Tuesday Blitz May 16 Late 2023"]
[White "Krasteva, Beloslava"]
[Black "Koc, Przemyslaw"]
[WhiteFideId "2922029"]
[BlackFideId "1109081"]
[WhiteElo "2187"]
[BlackElo "2161"]
[Result "1-0"]
[Round "02"]
[TimeControl "180+2"]
[Date "2023.05.16"]
[WhiteClock "0:00:18"]
[BlackClock "0:01:44"]

1. c4 d6 2. d4 Nf6 3. Nc3 e5 4. d5 g6 5. e4 Bg7 6. Bd3 O-O 7. h3 a5 8. g4 Nbd7 9. Nf3 Nc5 10. Bc2 c6 11. Be3 Qc7 12. Qe2 cxd5 13. cxd5 Bd7 14. Nd2 Rfb8 15. a4 Na6 16. Rc1 Nb4 17. Nc4 b6 18. Bb1 Bf8 19. Na3 Qd8 20. Ncb5 Rc8 21. O-O h5 22. f3 Nh7 23. Nc4 Bxb5 24. axb5 Qh4 25. Nxb6 Rxc1 26. Rxc1 Rb8 27. Nd7 Qg3+ 28. Qg2 Qxg2+ 29. Kxg2 Rxb5 30. Rc8 hxg4 31. Bh6 gxf3+ 32. Kxf3 f5 33. Nxf8 Nxf8 34. Bxf8 fxe4+ 35. Bxe4 Kf7 36. Bxd6 Na2 37. Bxe5 Nc1 38. Rxc1 a4 39. Rc7+ Ke8 40. Bxg6+ Kd8 41. Ke4 Rb4+ 42. Kf5 a3 43. bxa3 Rh4 44. Bf6+ Kxc7 45. Bxh4 Kd6 46. Ke4 1-0


[Site "https://www.chess.com"]

[Event "Titled Tuesday Blitz May 16 Late 2023"]
[White "Talbi, Chafik"]
[Black "Vega Gutierrez, Sabrina"]
[WhiteFideId "7903715"]
[BlackFideId "2219026"]
[WhiteElo "2186"]
[BlackElo "2209"]
[Result "0-1"]
[Round "02"]
[TimeControl "180+2"]
[Date "2023.05.16"]
[WhiteClock "0:00:00"]
[BlackClock "0:00:10"]

1. e4 c5 2. Nf3 Nc6 3. c3 d5 4. exd5 Qxd5 5. d4 Bf5 6. Na3 cxd4 7. Nb5 O-O-O 8. cxd4 e5 9. Nc3 Bb4 10. Bd2 Bxc3 11. bxc3 exd4 12. cxd4 Nf6 13. Be2 Nxd4 14. Nxd4 Qxd4 15. Qc1+ Kb8 16. Bf4+ Ka8 17. O-O Rc8 18. Qe3 Qxe3 19. Bxe3 Rc2 20. Bd1 Rc7 21. a4 Nd5 22. Bd4 f6 23. Bf3 Nb4 24. Rac1 Nc2 25. Bb2 Rhc8 26. a5 a6 27. g4 Bg6 28. Rfd1 Rc5 29. Rd5 Rxd5 30. Bxd5 Rc5 31. Bb3 Kb8 32. Ba3 Rc3 33. Bd6+ Kc8 34. Bxc2 Bxc2 35. Bf8 g6 36. Bg7 Rc4 37. h3 f5 38. gxf5 gxf5 39. Be5 Kd7 40. f4 Kc6 41. Kf2 Kb5 42. Ra1 Be4 43. Ra2 Bd5 44. Ra3 Rc2+ 45. Ke3 Bc4 0-1


[Site "https://www.chess.com"]

[Event "Titled Tuesday Blitz May 16 Late 2023"]
[White "Dubreuil, Julien"]
[Black "ElDivis"]
[WhiteFideId "621285"]
[WhiteElo "2231"]
[BlackElo "2465"]
[Result "0-1"]
[Round "02"]
[TimeControl "180+2"]
[Date "2023.05.16"]
[WhiteClock "0:01:54"]
[BlackClock "0:01:35"]

1. e4 c5 2. Nf3 d6 3. d4 cxd4 4. Nxd4 Nf6 5. Nc3 Nc6 6. Be3 Ng4 7. Bb5 Nxe3 8. Qd3 Nxg2+ 9. Kf1 Nf4 10. Qf3 Ne6 11. Nxc6 bxc6 12. Bxc6+ Bd7 13. e5 Rc8 14. Bd5 dxe5 15. Re1 g6 16. h4 h5 17. Rg1 Bg7 18. Ne4 O-O 19. c3 Nf4 20. Bb3 Bh3+ 0-1


[Site "https://www.chess.com"]

[Event "Titled Tuesday Blitz May 16 Late 2023"]
[White "merinasian"]
[Black "Dylag, Emilia"]
[BlackFideId "21805172"]
[WhiteElo "2456"]
[BlackElo "1878"]
[Result "0-1"]
[Round "02"]
[TimeControl "180+2"]
[Date "2023.05.16"]
[WhiteClock "0:00:38"]
[BlackClock "0:00:18"]

1. d4 Nf6 2. Nf3 e6 3. g3 d5 4. Bg2 Be7 5. O-O O-O 6. c4 dxc4 7. a4 c5 8. dxc5 Qxd1 9. Rxd1 Bxc5 10. Ne5 Nc6 11. Nxc4 Nd4 12. e3 Nb3 13. Ra2 Rb8 14. Nc3 Bd7 15. Ne5 Be8 16. Bd2 Nxd2 17. Rxd2 b5 18. axb5 Bxb5 19. Nxb5 Rxb5 20. Nc6 Rc8 21. Rxa7 Bxa7 22. Ne7+ Kf8 23. Nxc8 Bb6 24. Nxb6 Rxb6 25. h3 Ke7 26. Bf3 Nd7 27. Kg2 Ne5 28. Be2 f5 29. f4 Nf7 30. Rc2 Kd6 31. Bc4 Ke7 32. b3 Nd6 33. Kf3 Ne4 34. g4 g6 35. Ra2 Rb7 36. h4 Rd7 37. gxf5 exf5 38. Ke2 Nc3+ 0-1


[Site "https://www.chess.com"]

[Event "Titled Tuesday Blitz May 16 Late 2023"]
[White "Lucas, Arthur"]
[Black "Pappelis, Dimitrios"]
[WhiteFideId "26093073"]
[BlackFideId "4215281"]
[WhiteElo "2251"]
[BlackElo "2104"]
[Result "1-0"]
[Round "02"]
[TimeControl "180+2"]
[Date "2023.05.16"]
[WhiteClock "0:00:07"]
[BlackClock "0:00:11"]

1. e4 e5 2. Nf3 Nc6 3. d4 exd4 4. Nxd4 Nxd4 5. Qxd4 Qf6 6. Qc4 Qc6 7. Nc3 Qxc4 8. Bxc4 c6 9. Bf4 Bb4 10. O-O-O Nf6 11. Bd6 Bxd6 12. Rxd6 b5 13. Bb3 Ke7 14. e5 Ng4 15. f4 a5 16. a4 Ba6 17. h3 Nh6 18. Rhd1 Rhd8 19. axb5 Bxb5 20. g4 a4 21. Ba2 a3 22. Nxb5 axb2+ 23. Kxb2 cxb5 24. f5 f6 25. exf6+ gxf6 26. g5 Nf7 27. Bxf7 Kxf7 28. Rxd7+ Rxd7 29. Rxd7+ Kg8 30. h4 Ra4 31. Rd8+ Kg7 32. Rd7+ Kg8 33. Rd6 Rxh4 34. Rxf6 Rg4 35. g6 hxg6 36. Rxg6+ Rxg6 37. fxg6 Kg7 38. Kb3 Kxg6 39. Kb4 Kf7 40. Kxb5 Ke8 41. Kc6 Kd8 42. Kb7 Kd7 43. c4 Kd6 44. Kb6 Kd7 45. c5 Kc8 46. Kc6 Kb8 47. Kd7 Ka8 48. c6 Ka7 49. c7 1-0


[Site "https://www.chess.com"]

[Event "Titled Tuesday Blitz May 16 Late 2023"]
[White "Harish, Neeraj"]
[Black "Toniutti, Ezio"]
[WhiteFideId "30958130"]
[BlackFideId "113034"]
[WhiteElo "1879"]
[BlackElo "2215"]
[Result "1-0"]
[Round "02"]
[TimeControl "180+2"]
[Date "2023.05.16"]
[WhiteClock "0:00:38"]
[BlackClock "0:00:01"]

1. e4 e5 2. Nf3 Nc6 3. Bc4 Nf6 4. d3 Be7 5. O-O O-O 6. Nc3 d6 7. a4 Kh8 8. a5 a6 9. Nd5 Nxd5 10. Bxd5 f5 11. c3 fxe4 12. dxe4 Bg4 13. Kh1 Qe8 14. Qd3 Bxf3 15. gxf3 Qh5 16. Rg1 Rxf3 17. Qf1 Raf8 18. Qg2 g6 19. Be3 Qh3 20. Qxh3 Rxh3 21. Rg3 Rh5 22. b4 Bh4 23. Rg2 Rb8 24. Rb1 Ne7 25. Bc4 Rf8 26. Be2 Bf6 27. Bxh5 gxh5 28. c4 Ng6 29. b5 Nh4 30. Rgg1 Nf3 31. Rgc1 Nd4 32. bxa6 bxa6 33. Bxd4 exd4 34. Rb7 Be5 35. Rxc7 Rxf2 36. Rb1 Rf8 37. Rbb7 d3 38. Rb1 d2 39. Rd1 Rf2 40. Rb1 Rf8 41. Kg2 h4 42. Rd1 Bf4 43. Ra7 Bh6 44. Rxa6 Be3 45. Rxd6 Rf2+ 46. Kh3 Re2 47. a6 Re1 48. R1xd2 Bxd2 49. Rxd2 Rxe4 50. a7 1-0


[Site "https://www.chess.com"]

[Event "Titled Tuesday Blitz May 16 Late 2023"]
[White "Womacka, Mathias"]
[Black "Schut, Han"]
[WhiteFideId "4611390"]
[BlackFideId "1005561"]
[WhiteElo "2377"]
[BlackElo "2024"]
[Result "1-0"]
[Round "02"]
[TimeControl "180+2"]
[Date "2023.05.16"]
[WhiteClock "0:00:20"]
[BlackClock "0:00:01"]

1. e4 c5 2. Nf3 d6 3. d4 cxd4 4. Nxd4 Nf6 5. Nc3 a6 6. Be2 e5 7. Nb3 Be7 8. O-O Be6 9. f4 Qc7 10. Kh1 Nbd7 11. g4 h6 12. g5 hxg5 13. fxg5 Ng8 14. Bg4 O-O-O 15. Be3 Kb8 16. Nd5 Bxd5 17. Qxd5 f6 18. g6 Nh6 19. Be6 Nf8 20. c4 Nxe6 21. Qxe6 Qd7 22. Qxd7 Rxd7 23. Rad1 Rc7 24. Nd2 Ng4 25. Bg1 Rh6 26. Rf3 Rxg6 27. Rg3 Rc8 28. h3 Rh8 29. Kg2 Rh4 30. Rxg4 Rhxg4+ 31. hxg4 Rxg4+ 32. Kf3 Rf4+ 33. Ke2 f5 34. Be3 Rh4 35. exf5 Rh2+ 36. Kd3 Rh3 37. Ne4 Kc7 38. Rg1 Bf6 39. Nxf6 gxf6 40. Rg6 d5 41. cxd5 Kd6 42. Rxf6+ Kxd5 43. Rb6 e4+ 44. Ke2 Rh2+ 45. Bf2 Ke5 46. Rxb7 Kf4 47. Rb3 a5 48. f6 a4 49. Ra3 1-0


[Site "https://www.chess.com"]

[Event "Titled Tuesday Blitz May 16 Late 2023"]
[White "Urbina Perez, Juan Antonio"]
[Black "Kejzar, Petra"]
[WhiteFideId "2217368"]
[BlackFideId "14610213"]
[WhiteElo "2197"]
[BlackElo "2089"]
[Result "0-1"]
[Round "02"]
[TimeControl "180+2"]
[Date "2023.05.16"]
[WhiteClock "0:00:06"]
[BlackClock "0:00:29"]

1. e4 e5 2. Nf3 Nc6 3. Bc4 Bc5 4. d3 Nf6 5. Bg5 h6 6. Bh4 d6 7. a4 Be6 8. Nbd2 Bxc4 9. Nxc4 g5 10. Bg3 Ne7 11. c3 a6 12. a5 Ng6 13. Ne3 Qd7 14. Nf5 Nf4 15. O-O Ba7 16. Re1 O-O-O 17. b4 Rdg8 18. d4 Nxe4 19. Ne3 Nxc3 20. Qd2 Ne4 21. Qc2 Nxg3 22. hxg3 exd4 23. Nc4 d3 24. Qd2 Ne2+ 25. Kh2 Bxf2 26. Rxe2 dxe2 27. Qxe2 Ba7 28. Rc1 h5 29. Qd3 h4 30. gxh4 g4 31. Nd4 g3+ 32. Kg1 Rxh4 33. Nb6+ Bxb6 34. axb6 Rgh8 35. Qxg3 Rh1+ 36. Kf2 Rxc1 37. Qg7 Re8 38. bxc7 Rd1 39. Nf3 Qf5 40. Qg3 Rd2+ 41. Kg1 Rd1+ 42. Kf2 Qc2+ 0-1


[Site "https://www.chess.com"]

[Event "Titled Tuesday Blitz May 16 Late 2023"]
[White "Calhoun, Luke"]
[Black "liwadas82"]
[WhiteFideId "2064421"]
[WhiteElo "2253"]
[BlackElo "2446"]
[Result "0-1"]
[Round "02"]
[TimeControl "180+2"]
[Date "2023.05.16"]
[WhiteClock "0:00:36"]
[BlackClock "0:00:41"]

1. e4 e5 2. f4 exf4 3. Nf3 Be7 4. d4 Bh4+ 5. Kd2 Be7 6. Nc3 Bb4 7. Bc4 Nf6 8. Qe2 O-O 9. Kd3 Bxc3 10. bxc3 d5 11. exd5 Bf5+ 12. Kd2 Ne4+ 13. Ke1 Nxc3 14. Qf2 Re8+ 15. Kf1 Nxd5 16. Bxd5 Qxd5 17. Bxf4 Nc6 18. h3 Qc4+ 19. Kg1 Re2 20. Qg3 Qxc2 21. Bxc7 Rae8 22. Rf1 Be4 23. Rh2 Qxa2 24. Be5 Nxe5 25. Nxe5 Bd5 26. Ng4 Kh8 27. Ne5 Qd2 28. Nxf7+ Bxf7 29. Rxf7 Qxd4+ 30. Kf1 Qd1+ 0-1


[Site "https://www.chess.com"]

[Event "Titled Tuesday Blitz May 16 Late 2023"]
[White "Pasti, Aron"]
[Black "Araujo, Everson De Moura"]
[WhiteFideId "785857"]
[BlackFideId "22737197"]
[WhiteElo "2173"]
[BlackElo "2035"]
[Result "1/2-1/2"]
[Round "02"]
[TimeControl "180+2"]
[Date "2023.05.16"]
[WhiteClock "0:00:05"]
[BlackClock "0:00:12"]

1. e4 e6 2. d4 d5 3. Nc3 Nf6 4. e5 Nfd7 5. Nce2 c5 6. c3 Nc6 7. f4 f6 8. Nf3 Be7 9. g3 Kf8 10. Bh3 Nb6 11. O-O c4 12. exf6 Bxf6 13. Ne5 g6 14. g4 Kg7 15. Ng3 Nd7 16. Qe2 Ndxe5 17. dxe5 Be7 18. f5 Bc5+ 19. Kh1 Rf8 20. Qd2 exf5 21. gxf5 Nxe5 22. Qh6+ Kg8 23. Bg5 Nf7 24. Bxd8 Nxh6 25. Bg5 Nxf5 26. Nxf5 Bxf5 27. Bxf5 Rxf5 28. Rxf5 gxf5 29. Rd1 Re8 30. Rxd5 Re1+ 31. Kg2 Rg1+ 32. Kf3 b6 33. Rxf5 Rf1+ 34. Ke4 Rb1 35. Bh6 Rxb2 36. h4 Rxa2 37. h5 Rg2 38. Kd5 Rg3 39. Kxc4 a5 40. Kb5 Rg4 41. c4 Rg1 42. Ka4 Ra1+ 43. Kb5 Rb1+ 44. Kc6 a4 45. Rg5+ Kf7 46. Rg7+ Kf6 47. Rxh7 a3 48. Bg7+ Kf5 49. Rh8 a2 50. Ra8 Ke4 51. Rxa2 Rh1 52. h6 Bd4 53. Bxd4 Rxh6+ 54. Kb5 Kxd4 55. Rd2+ Kc3 56. Rf2 Rh5+ 57. Kxb6 Kxc4 58. Rf4+ Kd3 59. Rf3+ Ke2 60. Rb3 Kd2 61. Rb5 Rxb5+ 62. Kxb5 1/2-1/2


[Site "https://www.chess.com"]

[Event "Titled Tuesday Blitz May 16 Late 2023"]
[White "Chemin, Justo Reinaldo"]
[Black "marik_spb"]
[WhiteFideId "2101580"]
[WhiteElo "1940"]
[BlackElo "2444"]
[Result "0-1"]
[Round "02"]
[TimeControl "180+2"]
[Date "2023.05.16"]
[WhiteClock "0:00:29"]
[BlackClock "0:00:16"]

1. d4 Nf6 2. Nf3 d5 3. e3 c5 4. b3 Nc6 5. Bb2 Bf5 6. a3 e6 7. Nbd2 Rc8 8. Bd3 Bxd3 9. cxd3 cxd4 10. Nxd4 Nxd4 11. Bxd4 Bc5 12. Bxc5 Rxc5 13. O-O O-O 14. Nf3 Qb6 15. b4 Rc3 16. Qd2 Rfc8 17. Rfc1 Qc7 18. Rxc3 Qxc3 19. Qxc3 Rxc3 20. d4 Ne4 21. Ne1 g5 22. h3 Kg7 23. a4 h5 24. b5 g4 25. hxg4 hxg4 26. f3 Nd2 27. Kf2 Nc4 28. e4 dxe4 29. fxe4 g3+ 30. Kf1 Nd2+ 31. Ke2 Nxe4 32. Nf3 f5 33. Ra2 Kf6 34. Ne5 f4 35. Nd3 Kf5 36. Ne5 Re3+ 37. Kf1 Nc3 38. Ra3 Ke4 39. Nc4 Rd3 40. Nd6+ Kxd4 41. Nxb7 Rd1# 0-1


[Site "https://www.chess.com"]

[Event "Titled Tuesday Blitz May 16 Late 2023"]
[White "Rottenwohrer Suarez, Juan"]
[Black "Tarnowska, Aleksandra"]
[WhiteFideId "32068182"]
[BlackFideId "1180967"]
[WhiteElo "2174"]
[BlackElo "1776"]
[Result "1-0"]
[Round "02"]
[TimeControl "180+2"]
[Date "2023.05.16"]
[WhiteClock "0:01:18"]
[BlackClock "0:00:27"]

1. Nf3 d5 2. g3 Nf6 3. Bg2 c5 4. O-O Nc6 5. c4 e5 6. cxd5 Nxd5 7. Nc3 Nf6 8. d3 Be7 9. Bg5 O-O 10. Rc1 Bg4 11. a3 Rc8 12. Qa4 a6 13. Bxf6 Bxf3 14. Bxe7 Qxe7 15. Bxf3 Nd4 16. Bg2 b5 17. Qd1 b4 18. Nd5 Qg5 19. e3 Nf5 20. h4 Qg6 21. e4 Nd4 22. Ne7+ 1-0


[Site "https://www.chess.com"]

[Event "Titled Tuesday Blitz May 16 Late 2023"]
[White "Fuentes Godoy, Lilia Ivonne"]
[Black "Davtyan, David Arm."]
[WhiteFideId "5104130"]
[BlackFideId "13310046"]
[WhiteElo "2096"]
[BlackElo "2274"]
[Result "0-1"]
[Round "02"]
[TimeControl "180+2"]
[Date "2023.05.16"]
[WhiteClock "0:00:00"]
[BlackClock "0:01:31"]

1. d4 Nf6 2. c4 e6 3. Nf3 d5 4. g3 Be7 5. Bg2 O-O 6. O-O h6 7. Qc2 b6 8. b3 Bb7 9. Nc3 Nc6 10. Bb2 dxc4 11. bxc4 Na5 12. Qd3 c5 13. Nb5 Be4 14. Qc3 a6 15. Na3 Rc8 16. dxc5 Bxc5 17. Rfd1 Qc7 18. Rac1 Qb7 19. Ne1 Bxg2 20. Nxg2 b5 21. Qc2 Nxc4 22. Nxc4 bxc4 23. Bxf6 gxf6 24. Nf4 Be7 25. Qc3 Rfd8 26. e3 Rxd1+ 0-1


[Site "https://www.chess.com"]